 Dungeon Crawl Stone Soup version 0.29-a0-472-ge5599a681e (webtiles) character file.

Game seed: 4546392325612372846

6069 dolemite99 the Digger (level 10, -21/68 HPs)
             Began as a Demonspawn Earth Elementalist on May 22, 2022.
             Was a Plaything of Xom.
             Demolished by a two-headed ogre
             ... wielding a +0 giant club
              (26 damage)
             ... on level 9 of the Dungeon.
             The game lasted 00:15:54 (14147 turns).

dolemite99 the Digger (DsEE)                       Turns: 14147, Time: 00:15:54

Health: -21/68     AC: 11    Str:  7 (8)  XL:     10   Next: 57%
Magic:  9/23       EV: 14    Int: 22      God:    Xom [....*.]
Gold:   537        SH:  0    Dex: 14      Spells: 0/15 levels left

rFire   + + .      SeeInvis .   b - +0 hand crossbow
rCold   + . .      Faith    .   (no shield)
rNeg    . . .      Spirit   .   v - +3 leather armour {rF+}
rPois   +          Reflect  .   (helmet restricted)
rElec   .          Harm     .   h - scarf {rC+ rF+}
rCorr   .          Rampage  .   D - +0 pair of gloves
Will    .....                   e - +2 pair of boots
Stlth   ++........              c - amulet "Vuujaet" {Acrobat MP+9 Int+3 Slay+2}
HPRegen 0.21/turn               i - ring of poison resistance
MPRegen 0.36/turn               (no ring)

@: no status effects
A: antennae 2, yellow scales 2, magic regeneration, beak, deformed body,
deterioration 1, dopey 1, mutation resistance 1, screaming 2
a: Renounce Religion


You were on level 9 of the Dungeon.
You worshipped Xom.
You were a beloved toy of Xom.
You visited 2 branches of the dungeon, and saw 10 of its levels.

You collected 537 gold pieces.

Inventory:

Hand Weapons
 a - a +7 rapier of electrocution
 b - a +0 hand crossbow (weapon)
 g - a +2 spear of flaming
 k - a +0 whip of freezing
 o - a +1 spear of venom
 p - a +1 flail
 z - a +0 trident of venom
Missiles
 y - 15 poisoned darts
 A - 3 datura-tipped darts
 E - 21 stones
Armour
 e - a +2 pair of boots (worn)
 h - a scarf of resistance (worn)
 v - a +3 leather armour of fire resistance (worn)
 D - a +0 pair of gloves (worn)
Magical Staves
 j - a staff of fire
 x - a staff of death
Jewellery
 c - the amulet "Vuujaet" (around neck) {Acrobat MP+9 Int+3 Slay+2}
   (Xom gifted it to you on level 7 of the Dungeon)

   [amulet of the acrobat]

   It increases your evasion while moving and waiting.
   Int:       It affects your intelligence (+3).
   Slay:      It affects your accuracy & damage with ranged weapons and melee
   (+2).
   MP:        It affects your magic capacity (+9).
 i - a ring of poison resistance (left hand)
 C - an amulet of magic regeneration
Wands
 F - a wand of mindburst (10)
 G - a wand of flame (13)
Scrolls
 f - a scroll of enchant armour
 l - a scroll of silence
 r - 2 scrolls of identify {@r1}
 t - a scroll of blinking
 B - 2 scrolls of fear
Potions
 d - 4 potions of curing
 m - a potion of mutation {unknown}
 n - 2 potions of might {unknown}
 q - 2 potions of flight
 s - 3 potions of cancellation {unknown}
 u - 3 potions of haste {unknown}
 w - a potion of ambrosia {unknown}


   Skills:
 - Level 2.7 Fighting
 - Level 6.3 Short Blades
 - Level 5.2 Crossbows
 - Level 7.4 Dodging
 - Level 1.7 Stealth
 - Level 3.0 Spellcasting
 - Level 5.2 Conjurations
 + Level 1.2 Transmutations
 - Level 7.8 Earth Magic
 + Level 0.8 Evocations


You couldn't memorise any spells.
You knew the following spells:

 Your Spells              Type           Power      Damage    Failure   Level
a - Stone Arrow           Conj/Erth      64%        3d11      3%          3
b - Sandblast             Erth           74%        2d16      1%          1
c - Passwall              Tmut/Erth      19%        N/A       4%          2
d - Vampiric Draining     Necr           3%         2d6       50%         3
e - Petrify               Tmut/Erth      23%        N/A       28%         4
f - Static Discharge      Conj/Air       14%        N/A       10%         2

Your spell library contained the following spells:

 Spells                   Type           Power      Damage    Failure   Level
 Shock                    Conj/Air       56%        1d6       6%          1
 Slow                     Hex            12%        N/A       19%         1
 Confusing Touch          Hex            3%         N/A       50%         3
 Swiftness                Air            3%         N/A       50%         3
 Lightning Bolt           Conj/Air       7%         1d19      87%         5
 Airstrike                Air            1%         N/A       88%         4
 Cause Fear               Hex            1%         N/A       88%         4
 Dragon Form              Tmut           4%         N/A       100%        7
 Malign Gateway           Summ/Tloc      1%         N/A       100%        7
 Maxwell's Capacitive Co  Air            1%         ∞         100%        8
 Summon Horrible Things   Summ           1%         N/A       100%        8
 Dragon's Call            Summ           1%         N/A       100%        9


Dungeon Overview and Level Annotations

Branches:
Dungeon (9/15)             Temple (1/1) D:5
   Lair: D:8-11         Orc: D:9-12

Altars:
Ashenzari
Dithmenos
Elyvilon
Fedhas
Gozag
Hepliaklqana
Kikubaaqudgha
Makhleb
Nemelex Xobeh
Okawaru
Qazlal
Ru
Sif Muna
Trog
Uskayaw
Vehumet
Xom
Yredelemnul
Zin
The Shining One

Annotations:
D:6 2 transporters, logorrheac's ghost, novice TrMo
D:7 exclusion: downstairs


Innate Abilities, Weirdness & Mutations

You have a pair of antennae on your head.
You are mostly covered in yellow scales. (AC +3)
You regenerate magic rapidly.
You have a beak for a mouth.
Armour fits poorly on your strangely shaped body.
Your body sometimes deteriorates upon taking damage.
You are dopey. (Int -2)
You are somewhat resistant to further mutation.
You frequently scream uncontrollably at your foes.


Message History

Press: ? - help, Shift-Dir - straight line, f/p - two-headed ogre
Aim: a two-headed ogre, wielding two +0 giant clubs (lightly wounded, 88% to hit)
The stone arrow misses the two-headed ogre.
Casting: Stone Arrow (dangerous; 3% risk of failure)
Confirm with . or Enter, or press ? or * to list all spells.
Aiming: Stone Arrow (dangerous; 3% risk of failure)
Press: ? - help, Shift-Dir - straight line, f/p - two-headed ogre
Aim: a two-headed ogre, wielding two +0 giant clubs (lightly wounded, 88% to hit)
The stone arrow hits the two-headed ogre!
The two-headed ogre is lightly wounded.
The two-headed ogre hits you but does no damage.
The two-headed ogre closely misses you.
Casting: Stone Arrow (dangerous; 3% risk of failure)
Confirm with . or Enter, or press ? or * to list all spells.
Aiming: Stone Arrow (dangerous; 3% risk of failure)
Press: ? - help, Shift-Dir - straight line, f/p - two-headed ogre
Aim: a two-headed ogre, wielding two +0 giant clubs (lightly wounded, 88% to hit)
The stone arrow hits the two-headed ogre!
The two-headed ogre is heavily wounded.
Casting: Stone Arrow (dangerous; 3% risk of failure)
Confirm with . or Enter, or press ? or * to list all spells.
Aiming: Stone Arrow (dangerous; 3% risk of failure)
Press: ? - help, Shift-Dir - straight line, f/p - two-headed ogre
Aim: a two-headed ogre, wielding two +0 giant clubs (heavily wounded, 88% to hit)
The stone arrow misses the two-headed ogre.
The two-headed ogre hits you with a +0 giant club!!
You emit a cloud of colourful smoke!
The two-headed ogre hits you with a +0 giant club!
Casting: Stone Arrow (dangerous; 3% risk of failure)
Confirm with . or Enter, or press ? or * to list all spells.
Aiming: Stone Arrow (dangerous; 3% risk of failure)
Press: ? - help, Shift-Dir - straight line, f/p - two-headed ogre
Aim: a two-headed ogre, wielding two +0 giant clubs (magical condensation, heavily wounded, 88% to hit)
The stone arrow hits the two-headed ogre!
The two-headed ogre is severely wounded.
The two-headed ogre hits you with a +0 giant club!!
* * * LOW HITPOINT WARNING * * *
The two-headed ogre hits you with a +0 giant club!!
You die...
Xom roars with laughter!

...# #.# # ...
#.# #.# ..# #.#
.. .. #.# #.#.##
#<# #....# #.#
#####..### #.#
...>......#####<#
#.###.....§O@§>.#
#.#....####...#
#.##...# ##### #.
#...# . ##..# #
#... ##..# #..#


You could see a two-headed ogre.

Vanquished Creatures
  Pikel (D:5)
  A cyclops (D:8)
  Grinder (D:3)
  A hornet (D:8)
  Eustachio (D:5)
  5 humans (D:7)
  A steam dragon (D:9)
  Menkaure (D:7)
  Duvessa (D:5)
  2 water moccasins (D:6)
  2 ice beasts (D:7)
  3 sky beasts
  2 black bears
  2 orc warriors
  A centaur (D:7)
  2 lemures (D:5)
  5 kobold brigands
  2 phantoms
  Blork the orc (D:4)
  4 bullfrogs
  3 necrophages
  A scorpion (D:4)
  Dowan (D:5)
  8 wights
  4 howler monkeys
  6 orc priests
  A gnoll shaman (D:4)
  2 hounds
  4 iguanas (D:5)
  6 orc wizards
  10 gnolls
  7 adders
  2 shadow imps
  2 white imps (D:7)
  3 ufetubi
  4 worms
  3 dart slugs
  30 orcs
  5 ball pythons
  7 endoplasms
  6 goblins
  3 hobgoblins (D:4)
  7 jackals
  3 quokkas
  6 bats
  3 frilled lizards
  31 kobolds
  4 rats
211 creatures vanquished.

Vanquished Creatures (others)
  A shadow (D:9)
  An orc wizard (D:8)
2 creatures vanquished.

Grand Total: 213 creatures vanquished

Notes
Turn   | Place    | Note
-------+----------+-------------------------------------------
     0 | D:1      | dolemite99 the Demonspawn Earth Elementalist began the
                  | quest for the Orb.
     0 | D:1      | Reached XP level 1. HP: 13/13 MP: 3/3
  1064 | D:2      | Gained mutation: You are partially covered in yellow
                  | scales. (AC +2) [demonic ancestry]
  1064 | D:2      | Reached XP level 2. HP: 19/19 MP: 3/5
  1905 | D:2      | Found a faded altar of an unknown god.
  1947 | D:2      | Gained mutation: You have a pair of small antennae on your
                  | head. [demonic ancestry]
  1947 | D:2      | Reached XP level 3. HP: 22/24 MP: 3/6
  1982 | D:2      | Prayed at the altar of an unknown god.
  1982 | D:2      | Became a worshipper of Xom of Chaos
  2199 | D:2      | XOM: potion effect (might)
  2220 | D:2      | XOM: divination: magic mapping
  2560 | D:2      | XOM: cloud trail
  2782 | D:3      | Gained mutation: You regenerate magic rapidly. [demonic
                  | ancestry]
  2782 | D:3      | Reached XP level 4. HP: 30/30 MP: 4/7
  2811 | D:3      | Learned a level 2 spell: Passwall
  2815 | D:3      | Learned a level 3 spell: Stone Arrow
  2838 | D:3      | XOM: smoke on damage
  3271 | D:3      | Noticed Grinder
  3274 | D:3      | XOM: cast spell 'Alistair's Intoxication'
  3274 | D:3      | Paralysed by Grinder for 3 turns
  3277 | D:3      | XOM: cast spell 'Leda's Liquefaction'
  3278 | D:3      | XOM: enchant monster (good)
  3283 | D:3      | Killed Grinder
  3284 | D:3      | Reached XP level 5. HP: 35/35 MP: 1/8
  3284 | D:3      | Gained mutation: You are mostly covered in yellow scales.
                  | (AC +3) [demonic ancestry]
  3284 | D:3      | Reached XP level 6. HP: 41/41 MP: 1/9
  3399 | D:3      | XOM: silly message
  3786 | D:4      | XOM: silly message
  3877 | D:4      | XOM: god gift: 22 gold pieces
  3925 | D:4      | XOM: summons friendly crimson imp
  4002 | D:3      | XOM: god gift: wand of acid (6)
  4013 | D:3      | Learned a level 1 spell: Sandblast
  4032 | D:3      | XOM: draining
  4223 | D:3      | XOM: god gift: scimitar {god gift}
  4644 | D:4      | XOM: 8-stop teleportation journey
  4838 | D:4      | XOM: blink monster(s)
  4890 | D:4      | Reached XP level 7. HP: 15/46 MP: 3/10
  4920 | D:4      | XOM: divination: detect items
  5013 | D:4      | XOM: summons 2 hostile shadow creatures
  5205 | D:4      | Noticed Blork the orc
  5208 | D:4      | Killed Blork the orc
  5449 | D:4      | XOM: god gift: metallic blue potion {god gift}
  5462 | D:4      | XOM: give mutations
  5462 | D:4      | Gained mutation: Your mind is acute. (Int +2) [Xom's grace]
  5462 | D:4      | Gained mutation: You possess an exceptional clarity of
                  | mind. [Xom's grace]
  5462 | D:4      | Gained mutation: You have supernaturally acute eyesight.
                  | (SInv) [Xom's grace]
  5462 | D:4      | Gained mutation: You have a pair of antennae on your head.
                  | [Xom's grace]
  5795 | D:5      | Entered Level 5 of the Dungeon
  5900 | D:5      | XOM: give mutations
  5900 | D:5      | Lost mutation: You have supernaturally acute eyesight.
                  | (SInv) [Xom's mischief]
  5900 | D:5      | Gained mutation: You occasionally shout uncontrollably at
                  | your foes. [Xom's mischief]
  5900 | D:5      | Gained mutation: You sometimes lose the ability to read
                  | scrolls when taking damage. [Xom's mischief]
  5900 | D:5      | Gained mutation: Your body sometimes deteriorates upon
                  | taking damage. [Xom's mischief]
  5914 | D:5      | Noticed Pikel
  5922 | D:5      | Killed Pikel
  5923 | D:5      | Reached skill level 5 in Conjurations
  5923 | D:5      | Reached XP level 8. HP: 46/52 MP: 8/11
  5980 | D:5      | Noticed Eustachio
  5986 | D:5      | Killed Eustachio
  6183 | D:5      | Reached skill level 1 in Short Blades
  6236 | D:5      | Found a staircase to the Ecumenical Temple.
  6244 | D:5      | Noticed Dowan
  6253 | D:5      | Killed Dowan
  6253 | D:5      | Noticed Duvessa
  6263 | Temple   | Entered the Ecumenical Temple
  6472 | Temple   | XOM: give mutations
  6472 | Temple   | Lost mutation: Your mind is acute. (Int +2) [Xom's
                  | mischief]
  6472 | Temple   | Gained mutation: You have a beak for a mouth. [Xom's
                  | mischief]
  6472 | Temple   | Gained mutation: Your body often deteriorates upon taking
                  | damage. [Xom's mischief]
  6583 | D:5      | Killed Duvessa
  6856 | D:5      | Found a burning altar of Makhleb.
  7382 | D:6      | Reached skill level 5 in Short Blades
  7504 | D:6      | Found a transporter.
  7518 | D:6      | Noticed logorrheac's ghost (novice TrMo)
  7618 | D:6      | XOM: noise
  7626 | D:6      | Reached XP level 9. HP: 25/57 MP: 3/13
  8010 | D:6      | XOM: summons 5 hostile demons
  8226 | D:6      | XOM: summons 2 friendly demons
  8323 | D:6      | XOM: smoke on damage
  8464 | D:6      | XOM: summons 4 hostile shadow creatures
  8674 | D:6      | XOM: give mutations
  8674 | D:6      | Gained mutation: Armour fits poorly on your strangely
                  | shaped body. [Xom's mischief]
  8674 | D:6      | Lost mutation: Your body often deteriorates upon taking
                  | damage. [Xom's mischief]
  8695 | D:6      | Reached skill level 1 in Fighting
  9138 | D:6      | Found a transporter.
  9383 | D:7      | Noticed Menkaure
  9384 | D:7      | XOM: polymorph bullfrog -> water moccasin
  9628 | D:7      | Killed Menkaure
 10075 | D:7      | XOM: give mutations
 10075 | D:7      | Lost mutation: You sometimes lose the ability to read
                  | scrolls when taking damage. [Xom's mischief]
 10075 | D:7      | Gained mutation: Your body often deteriorates upon taking
                  | damage. [Xom's mischief]
 10075 | D:7      | Gained mutation: You frequently scream uncontrollably at
                  | your foes. [Xom's mischief]
 10075 | D:7      | Lost mutation: Your body often deteriorates upon taking
                  | damage. [Xom's mischief]
 10080 | D:7      | Reached skill level 5 in Dodging
 10080 | D:7      | XOM: butterfly on damage
 10626 | D:7      | XOM: enchant monster (bad)
 10627 | D:7      | XOM: divination: magic mapping
 10906 | D:7      | XOM is BORED!
 10906 | D:7      | XOM: summons 2 hostile shadow creatures
 10922 | D:7      | XOM: give mutations
 10922 | D:7      | Gained mutation: You are somewhat resistant to further
                  | mutation. [Xom's mischief]
 10922 | D:7      | Lost mutation: You possess an exceptional clarity of mind.
                  | [Xom's mischief]
 10922 | D:7      | Gained mutation: You are dopey. (Int -2) [Xom's mischief]
 11154 | D:7      | XOM: cleaving
 11280 | D:7      | XOM: god gift: 31 gold pieces
 11346 | D:7      | Mutation became permanent: You have a pair of small
                  | antennae on your head. [demonic ancestry]
 11346 | D:7      | Gained mutation: You have a pair of antennae on your head.
                  | [demonic ancestry]
 11346 | D:7      | Reached XP level 10. HP: 65/68 MP: 3/14
 12069 | D:7      | Reached skill level 1 in Crossbows
 12133 | D:7      | XOM: divination: magic mapping
 12438 | D:7      | XOM: fake destruction
 12441 | D:7      | XOM: fake destruction
 12487 | D:7      | Identified the amulet "Vuujaet" {Acrobat MP+9 Int+3 Slay+2}
                  | (Xom gifted it to you on level 7 of the Dungeon)
 12487 | D:7      | XOM: god gift: amulet "Vuujaet" {Acrobat MP+9 Int+3 Slay+2}
 12512 | D:7      | XOM: scenery: create altars
 13035 | D:7      | XOM: silly message
 13128 | D:8      | XOM is BORED!
 13128 | D:8      | XOM: summons 5 hostile demons
 13129 | D:8      | Noticed a sixfirhy
 13331 | D:8      | Noticed a cyclops
 13334 | D:8      | XOM: enchant monster (good)
 13341 | D:8      | XOM: butterfly on damage
 13344 | D:8      | Killed a cyclops
 13400 | D:8      | XOM: divination: detect items
 13634 | D:8      | Reached skill level 5 in Crossbows
 13829 | D:8      | XOM: scenery: create altars
 13845 | D:8      | Learned a level 3 spell: Vampiric Draining
 13850 | D:8      | Learned a level 4 spell: Petrify
 13853 | D:8      | Learned a level 2 spell: Static Discharge
 14097 | D:9      | Reached skill level 1 in Transmutations
 14133 | D:9      | XOM: divine lightning
 14139 | D:9      | Noticed a two-headed ogre
 14146 | D:9      | XOM: smoke on damage
 14147 | D:9      | Demolished by a two-headed ogre

Illustrated notes

Levels and vault maps discovered:
D:1:      lightli_arrival_maybe_door_vault, layout_basic
D:2:      layout_loops_ring, chequers_ecumenical_altar_simple,
          nrook_mini_vaults, hex_large
D:3:      layout_loops_ring, uniq_grinder
D:4:      layout_basic, zin_academy, minmay_misc_feat_pillars,
          grunt_decor_fettered, uniq_blork_the_orc
D:5:      layout_loops_ring, general_overflow_altar,
          minmay_temple_entry_proselytizer, uniq_duvessa, uniq_pikel,
          uniq_eustachio
D:6:      layout_loops_corners, gammafunk_ghost_stat_death
D:7:      minmay_general_purpose_star, layout_layer_cave, grunt_ministairs_2,
          minmay_ruffians, uniq_menkaure
D:8:      layout_rooms, minmay_misc_feat_diagonals, nicolae_underground_beach
D:9:      layout_basic, corner_web_ring
Temple:   dpeg_five_rooms_temple

Skill      XL: |  1  2  3  4  5  6  7  8  9 10 |
---------------+-------------------------------+-----
Earth Magic    | 3 4 6 7 |  7.8
Conjurations   | 5 |  5.2
Spellcasting   | 3 |  3.0
Short Blades   | 5 6 |  6.3
Fighting       | 2 |  2.7
Dodging        | 6 7 |  7.4
Crossbows      | 5 |  5.2
Transmutations | 1 |  1.2
Stealth        | |  1.7
Evocations     | |  0.8

Action                   |  1- 3 |  4- 6 |  7- 9 | 10-12 || total
-------------------------+-------+-------+-------+-------++-------
Melee: Staff             |       |    16 |       |       ||    16
       Spear             |       |       |    22 |       ||    22
       Rapier            |       |       |    69 |    25 ||    94
       Peck              |       |       |     8 |     3 ||    11
 Fire: Hand crossbow     |       |       |    92 |    95 ||   187
Throw: Dart              |       |     1 |     6 |       ||     7
 Cast: Sandblast         |    54 |    76 |    56 |    42 ||   228
       Stone Arrow       |       |       |    71 |    29 ||   100
Evoke: Wand              |       |       |    25 |     5 ||    30
  Use: Scroll            |       |     5 |    13 |     1 ||    19
       Potion            |       |     1 |     5 |     2 ||     8
 Stab: Sleeping          |       |       |     1 |       ||     1
Armor: Robe              |     5 |    20 |     4 |       ||    29
       Leather armour    |       |       |   118 |    44 ||   162
       Skin              |       |       |    10 |    29 ||    39
Dodge: Dodged            |    15 |    63 |   167 |    87 ||   332

Table legend: (Time is in decaauts)
 A = Elapsed time spent in this place.
 B = Non-inter-level travel time spent in this place.
 C = Inter-level travel time spent in this place.
 D = Time resting spent in this place.
 E = Time spent auto-exploring this place.
 F = Levels seen in this place.
 G = Mean time per level.
                   A        B        C        D        E       F      G
               +--------+--------+--------+--------+--------+-----+--------+
         Total |  14230 |  13810 |    420 |   5303 |   6453 |  10 | 1423.0 |
       Dungeon |  13923 |  13551 |    372 |   5257 |   6253 |   9 | 1547.0 |
        Temple |    306 |    258 |     48 |     46 |    200 |   1 |  306.0 |
               +--------+--------+--------+--------+--------+-----+--------+

Top non-repeatable levels by time:
     D:6: 3079 daAuts
     D:7: 3055 daAuts
     D:2: 1687 daAuts
     D:3: 1626 daAuts
     D:4: 1431 daAuts
     D:5: 1142 daAuts
     D:1: 1055 daAuts
     D:8: 780 daAuts
  Temple: 306 daAuts
     D:9: 65 daAuts
